[Event "*** SCC Grand Prix: Titled Tuesday Blitz"]
[Site "Chess.com"]
[Date "2020.07.21"]
[Round "9"]
[White "MathiasWomacka"]
[Black "Lagmantr"]
[Result "1/2-1/2"]
[WhiteElo "2476"]
[BlackElo "2637"]
[TimeControl "180+1"]
[EndTime "11:50:32 PDT"]
[Termination "Game drawn by repetition"]

1. e4 c6 2. d4 d5 3. Nd2 dxe4 4. Nxe4 Nf6 5. Nxf6+ exf6 6. Bc4 Qe7+ 7. Qe2 Nd7 8.
Qxe7+ Bxe7 9. Ne2 Nb6 10. Bd3 Nd5 11. a3 O-O 12. c4 Nc7 13. O-O b5 14. b3 Rd8 15.
Be3 Ba6 16. Rfc1 bxc4 17. bxc4 Rab8 18. Bf4 Bd6 19. Bxd6 Rxd6 20. Rab1 Re8 21. Kf1 g6 22.
Rb3 Ne6 23. c5 Bxd3 24. Rxd3 Rd5 25. Rcd1 Kg7 26. Nc3 Rd7 27. Ne4 Nf4 28. Re3 Nd5 29. Ree1 Rxe4 30. Rxe4 Nc3 31. Ree1 Nxd1 32. Rxd1 Rb7 33.
Ke2 f5 34. d5 cxd5 35. c6 Rc7 36. Rc1 Kf6 37. Kd3 Ke6 38. Kd4 Kd6 39. Rc5 Rxc6 40. Rxd5+ Ke6 41. Ra5 a6 42. h4 Kf6 43. g3 g5 44.
hxg5+ Kxg5 45. Ke3 Kg4 46. Ra4+ Kg5 47. Kf3 h5 48.
Ke3 Re6+ 49. Kf3 Rb6 50. Ke3 Rb3+ 51. Ke2 f4 52. Rxf4 Rxa3 53. Rxf7 a5 54. Ra7 Ra1 55. Kf3 a4 56. Ra5+ Kg6 57. Kf4 a3 58. Ra6+ Kf7 59.
Kf5 a2 60. Ra7+ Ke8 61. Kf4 Kd8 62. Kf3 Kc8 63. Kg2 Kb8 64. Ra3 Kc7 65. f4 Kd6 66. Ra5 Kc6 67. Ra8 Kd5 68. Ra4 Kc5 69. f5 Kd5 70. f6 Ke6 71. Ra6+ Kf7 72. Kh2 Kg6 73. Kg2 Kf7 74. Kh2 Kg6 75. Kg2 Kf7 1/2-1/2

[Event "*** SCC Grand Prix: Titled Tuesday Blitz"]
[Site "Chess.com"]
[Date "2020.07.21"]
[Round "9"]
[White "ShimanovAlex"]
[Black "Micki-taryan"]
[Result "0-1"]
[WhiteElo "2831"]
[BlackElo "3053"]
[TimeControl "180+1"]
[EndTime "11:50:34 PDT"]
[Termination "Micki-taryan won on time"]

1. d4 e6 2. Nf3 Nf6 3. Bf4 b6 4. e3 Bb7 5. Nbd2 Bd6 6. Bg3 Nc6 7. Bd3 Bxg3 8. hxg3 d6 9. c3 Qe7 10. a4 a6 11. Qe2 e5 12. dxe5 Nxe5 13. Nxe5 Qxe5 14. Nf3 Qe7 15. Rh4 a5 16. Bb5+ Kf8 17. Kf1 g6 18. Nd4 Kg7 19. Bc6 Ba6 20. Bb5 Bb7 21. Bc6 Bxc6 22. Nxc6 Qd7 23. Qb5 Rae8 24. Rd1 h5 25.
Nd4 Qc8 26. Rf4 Ng4 27. Nc6 h4 28. Qd5 f6 29. gxh4 Rh5 30. Qc4 Rxh4 31. Ke2 g5 32.
Rfd4 Qf5 33. Rf1 Rxe3+ 34. fxe3 Qxf1+ 35. Kxf1 Nxe3+ 36. Ke2 Nxc4 37. Rxh4 gxh4 38. b3 Ne5 39. Nd4 c6 40. Nf5+ Kf7 41. Nxd6+ Ke6 42. Ne4 Kf5 43. Nd2 Kf4 44. b4 f5 45. bxa5 bxa5 46. Nb3 Kg3 47. Kf1 f4 48. Nc5 Nc4 49. Ne4+ Kg4 50.
Nc5 f3 51. Kf2 fxg2 52. Kxg2 Nd2 53. Nb7 Nc4 54. Nc5 Kf4 55. Kh3 Ke3 56. Kxh4 Kd2 57. Kg5 Kxc3 58. Kf4 Kb4 59. Na6+ Kxa4 60. Ke4 Kb5 61.
Nc7+ Kc5 62. Ne6+ Kb4 63. Nd8 c5 64. Kd3 Ne5+ 65. Kc2 a4 66. Ne6 Nc6 67. Nf4 Nd4+ 68. Kb2 c4 69. Nd5+ Ka5 70. Nc3 Nb5 71. Nd5 a3+ 72.
Ka2 Ka4 73. Ne3 Nc3+ 74. Ka1 Kb4 75. Nxc4 a2 76. Nd2 Ka3 77. Nc4+ Ka4 0-1

[Event "*** SCC Grand Prix: Titled Tuesday Blitz"]
[Site "Chess.com"]
[Date "2020.07.21"]
[Round "9"]
[White "bgfbfbgfbgfgf"]
[Black "ljuks68"]
[Result "1-0"]
[WhiteElo "2640"]
[BlackElo "2453"]
[TimeControl "180+1"]
[EndTime "11:50:39 PDT"]
[Termination "bgfbfbgfbgfgf won on time"]

1. e4 e6 2. d4 d5 3. Nc3 Bb4 4. e5 Ne7 5. h4 c5 6. a3 Bxc3+ 7.
bxc3 Qc7 8. Nf3 Nbc6 9. h5 h6 10.
Bd3 Bd7 11. a4 cxd4 12. cxd4 Nxd4 13. O-O Nxf3+ 14. Qxf3 Qxe5 15. Ba3 Qf6 16. Qg3 O-O 17. Qc7 Rfd8 18. Qxb7 Nc6 19. Bb5 Rab8 20. Qc7 Rbc8 21. Qg3 Nd4 22. Bd3 e5 23. Bd6 Nc6 24. Ba3 e4 25. Ba6 Nd4 26. Bb2 Rxc2 27. Bxd4 Qxd4 28. Rfd1 Qc5 29. Qh4 Re8 30. Bf1 Bc6 31. Qf4 d4 32.
a5 e3 33. fxe3 dxe3 34. Kh2 e2 35. Re1 exf1=Q 36. Rxe8+ Bxe8 37. Rxf1 Qc7 38. Kg3 Rc3+ 39. Kh2 Qxf4+ 40. Rxf4 Bc6 41. Rd4 Rc2 42. Rd8+ Kh7 43. Rc8 a6 44. Rc7 Be4 45. Re7 Rxg2+ 46. Kh3 Bf3 47. Ra7 Rf2 48. Kg3 Rf1 49. Rxa6 Bd5 50.
Ra7 Be6 51. a6 Ra1 52. Rc7 g6 53. Kf4 gxh5 54. Ke5 h4 55. Kf6 Rxa6 56. Rc3 Bg4+ 57. Ke5 Rg6 58. Kf4 h3 59. Rc2 Rf6+ 60. Kxg4 Kg6 61.
Kxh3 Ra6 62. Rc5 Kh7 63. Kg4 Ra4+ 64. Kh5 Kg7 65. Rf5 Re4 66. Rb5 Re6 67. Ra5 Rd6 68. Rb5 Rc6 69. Rd5 Rc1 70. Rd6 Rh1+ 71. Kg4 Rg1+ 72. Kf5 Rg5+ 73. Kf4 Rg1 74. Kf5 h5 75.
Ra6 Rg2 76. Ra4 Rg4 77. Ra5 Rg3 78. Ra4 Rh3 79. Kg5 Rg3+ 80. Kxh5 Kf6 81. Kh4 1-0

[Event "*** SCC Grand Prix: Titled Tuesday Blitz"]
[Site "Chess.com"]
[Date "2020.07.21"]
[Round "9"]
[White "ShadowJolteon"]
[Black "FMOlexandrProhorov"]
[Result "1-0"]
[WhiteElo "2337"]
[BlackElo "2098"]
[TimeControl "180+1"]
[EndTime "11:50:41 PDT"]
[Termination "ShadowJolteon won by resignation"]

1. d4 g6 2. e4 c6 3. c4 Bg7 4. Nc3 d5 5. cxd5 cxd5 6. Nxd5 e6 7. Bb5+ Nc6 8. Nc3 Qxd4 9. Qe2 Bd7 10. Nf3 Qb4 11. O-O Nf6 12. e5 Ng4 13. a3 Qa5 14. b4 Qb6 15. Na4 Qc7 16. Bb2 a6 17. Bxc6 Bxc6 18.
Nc5 O-O 19. Rac1 Qe7 20. Ne4 f6 21. exf6 Nxf6 22. Neg5 Rae8 23. Ne5 Bd5 24. f4 Nh5 25. g3 Bf6 26. Ng4 Bg7 27. Be5 Nf6 28. Rc7 Qd8 29.
Rxg7+ Kxg7 30. Nxf6 Rxf6 31. Qb2 Rf8 32. Rc1 Bc6 33.
Nh3 h6 34. Nf2 Kh7 35. Bxf6 Qxf6 36. Qxf6 Rxf6 37. Ng4 Rf7 38. Ne5 Rc7 39. Nxc6 bxc6 40.
Rc5 Kg7 41. Kf2 Kf6 42. Ke3 Ra7 43. Rxc6 a5 44. b5 a4 45. Rc5 Rb7 46. Kd4 h5 47.
Kc4 Rd7 48. b6 Rd1 49. b7 Rb1 50. Ra5 Rxb7 51. Rxa4 Kf5 52. Ra5+ Kg4 53. Rg5+ Kh3 54. Rxg6 Kxh2 55. a4 Kh3 56. a5 h4 57. gxh4 Kxh4 58. a6 Rb1 59. Rxe6 Ra1 60. Kb5 Kg4 61. f5 Kxf5 62.
Re7 Kf6 63. Rb7 Ke6 64. Kb6 Kd6 65. Rh7 Rb1+ 66. Ka7 Rb2 67. Rh3 Kc6 68. Ka8 Ra2 69. a7 Ra1 70. Rc3+ Kd7 71. Rc2 Rb1 72. Rc3 Rb2 73. Rc1 Rb6 74. Rd1+ Kc7 75. Rh1 Rb2 76. Rh7+ Kc6 77. Rh6+ Kc7 78. Rh8 Kc6 79. Rb8 Ra2 80.
Rb7 Ra3 81. Kb8 Rh3 82. a8=Q Rh8+ 83. Ka7 Rxa8+ 84. Kxa8 Kc5 85. Ka7 Kc6 86. Ka6 Kc5 87. Rb6 Kc4 88. Ka5 1-0

[Event "*** SCC Grand Prix: Titled Tuesday Blitz"]
[Site "Chess.com"]
[Date "2020.07.21"]
[Round "9"]
[White "davigator"]
[Black "sergeikim"]
[Result "0-1"]
[WhiteElo "2336"]
[BlackElo "2454"]
[TimeControl "180+1"]
[EndTime "11:50:42 PDT"]
[Termination "sergeikim won on time"]

1. e4 e5 2. Nf3 Nc6 3. Bc4 Bc5 4. c3 Nf6 5. d3 d6 6. O-O a6 7. a4 Ba7 8. Nbd2 O-O 9. h3 Nh5 10. Nxe5 Nxe5 11. Qxh5 b5 12. Bb3 Nxd3 13. Bc2 Nf4 14. Qf3 Qf6 15. Kh1 Be6 16. Nb3 Bc4 17. Bxf4 bxa4 18.
Nd2 Bxf1 19. Nxf1 Rab8 20. Ra2 a3 21. b4 c5 22. Bd2 Qxf3 23. gxf3 cxb4 24. cxb4 Bxf2 25.
Rxa3 Rfc8 26. Bd3 Bd4 27. Kg2 g6 28. f4 Rc6 29. Kf3 Rbc8 30. Ne3 Bc3 31. Ke2 Bxd2 32.
Kxd2 Rc1 33. Rxa6 Rh1 34. Rxd6 Rh2+ 35. Be2 Ra8 36. Nc2 Ra3 37. Rd3 Ra2 38. Rc3 Rb2 39.
Kd3 Rxh3+ 40. Kd4 Rh2 41. Bd3 h5 42. b5 h4 43. Kc4 h3 44. Nb4 Rh1 45. e5 h2 46. Be4 Rhb1 47. Nc6 Rxb5 48. Rd3 R5b2 49. Ne7+ Kf8 50. e6 Kxe7 51. exf7 Kxf7 52. Rd7+ Ke6 53.
Ra7 h1=Q 54. Bxh1 Rxh1 55. Ra5 Kf6 56. Kd3 Kg7 57. Ke4 Kh6 58. Kf3 Re1 59. Kg4 Rg2+ 60. Kf3 Rgg1 61. Ra6 Ref1+ 62. Ke3 Rg4 63. f5 Rxf5 64.
Ke2 Kg5 65. Ke3 Rg3+ 66. Ke4 Rf4+ 67. Ke5 Re3+ 68. Kd5 Rf2 69. Kd4 Re1 70. Kd3 Kf5 71.
Ra5+ Re5 72. Ra8 Rf3+ 73. Kd4 Re4+ 74. Kd5 Rd3+ 75. Kc5 g5 76. Rf8+ Kg4 77. Rf7 Rf4 78. Re7 Rdf3 79. Kd5 Rf5+ 80. Kd4 R3f4+ 81. Kd3 Kg3 82. Re8 g4 83. Kd2 Rf3 0-1

[Event "*** SCC Grand Prix: Titled Tuesday Blitz"]
[Site "Chess.com"]
[Date "2020.07.21"]
[Round "9"]
[White "Carnivoras"]
[Black "Antipov_Mikhail_Al"]
[Result "1-0"]
[WhiteElo "2658"]
[BlackElo "2845"]
[TimeControl "180+1"]
[EndTime "11:51:30 PDT"]
[Termination "Carnivoras won by resignation"]

1. d4 Nf6 2. c4 g6 3. Nc3 d5 4.
Bg5 Bg7 5. Bxf6 Bxf6 6. cxd5 c5 7. dxc5 Nd7 8. Nf3 Nxc5 9. e3 Qa5 10. Nd4 O-O 11. Be2 Bxd4 12. Qxd4 Nb3 13. axb3 Qxa1+ 14. Nd1 Qa5+ 15. b4 Qb6 16. Qxb6 axb6 17. Kd2 Ra2 18. Bc4 Ra1 19. Re1 Bd7 20. Nc3 Rxe1 21. Kxe1 Rc8 22.
Bd3 f5 23. Kd2 Kf7 24. e4 fxe4 25. Nxe4 h6 26. b3 Bf5 27. Nc3 Kf6 28. Bc4 Ke5 29. Ke3 g5 30. f3 Bd7 31. b5 Rf8 32. Ne4 Bf5 33. Nf2 Ra8 34. g3 Ra2 35. h3 Rb2 36. Ng4+ Bxg4 37. hxg4 Rg2 38. f4+ Kd6 39. Kf3 Rc2 40.
Ke4 Rc3 41. Kf5 Rxg3 42. fxg5 hxg5 43. Kxg5 Ke5 44. Kh5 Kf4 45. Kg6 Ke5 46. Kf7 Kd6 47. Be2 Kxd5 48. Kg6 Ke5 49. Kf7 Kd6 50. Kg6 e6 51. g5 Rxb3 52. Kf7 Rb2 53. Bd3 Rf2+ 54. Ke8 Rf3 55. Be4 Rf4 56. Bd3 e5 57. g6 Rg4 58.
Kf7 e4 59. Be2 Rf4+ 60. Ke8 Rf2 61. g7 Rg2 62. Kf8 Rf2+ 63. Ke8 Rg2 64. Kf8 Rxe2 65.
g8=Q Rc2 66. Qb3 Rc5 67. Qd1+ Ke5 68. Qh5+ Kd4 69. Qd1+ Kc4 70. Qe2+ Kd4 71. Ke7 e3 72. Kd6 Ke4 73. Qg4+ Kd3 74. Qd1+ Ke4 75. Qe2 Kd4 76. Qg4+ Kc3 77. Qe4 Kd2 78. Qd4+ Ke2 79. Qg4+ Kd2 80. Qd4+ Ke2 81. Qg4+ Ke1 82. Qg3+ Kd2 83. Qf4 Kd3 84.
Qf3 Rxb5 85. Qf1+ e2 86. Qf3+ Kd2 87. Qf4+ Kd3 88. Qf3+ Kd2 89. Qf4+ Kd1 90. Qd4+ Ke1 91. Qg1+ Kd2 92. Qd4+ Kc2 93. Qc4+ Kd1 94. Qd3+ Ke1 95. Qxb5 Kf2 96. Qf5+ Ke3 97. Qe5+ Kf3 98. Qf5+ Ke3 99. Qb1 Kd2 100. Qb2+ Kd3 101. Qc1 b5 102. Qe1 b4 103. Qxb4 b5 104. Qe1 Ke3 105. Kc5 Kd3 106. Kb4 1-0

[Event "*** SCC Grand Prix: Titled Tuesday Blitz"]
[Site "Chess.com"]
[Date "2020.07.21"]
[Round "9"]
[White "Borsuk_Konstantin"]
[Black "Volodar_Murzin"]
[Result "0-1"]
[WhiteElo "2560"]
[BlackElo "2707"]
[TimeControl "180+1"]
[EndTime "11:51:30 PDT"]
[Termination "Volodar_Murzin won on time"]

1. d4 Nf6 2. c4 g6 3. Nc3 Bg7 4. e4 O-O 5. h3 d6 6. Bd3 e5 7. d5 a5 8. g4 Na6 9. Nge2 Nc5 10.
Bc2 Bd7 11. Ng3 a4 12. Be3 c6 13. b4 axb3 14. axb3 Rxa1 15. Qxa1 Na6 16. Qa3 c5 17. Bb1 Nb4 18. Na2 Nxa2 19. Qxa2 b5 20. Bd3 bxc4 21. bxc4 Qa8 22. Qxa8 Rxa8 23. Kd2 Ra2+ 24. Kc3 Ne8 25.
Rb1 Kf8 26. Bc2 Ke7 27. Rb7 Bf6 28. Bb3 Ra8 29. Ne2 Kd8 30. Bc2 Be7 31. Rb1 Nc7 32. Bd2 Bh4 33. f3 Na6 34. Ra1 Nc7 35. Rxa8+ Nxa8 36. f4 exf4 37. Bxf4 Bf6+ 38. Kd2 Ke7 39. Ng1 Nb6 40. Bd3 Be5 41. Bg5+ f6 42. Be3 Nc8 43.
Nf3 Ba1 44. Be2 g5 45. Kc2 h6 46. Kb1 Be5 47. Nxe5 fxe5 48. Bd1 Kf6 49. Kb2 Ne7 50. Bd2 Ng6 51. Ba5 Nf4 52. Bd8+ Kf7 53. h4 Nd3+ 54.
Kc3 Nf2 55. Be2 gxh4 56. Bxh4 Nxe4+ 57. Kd3 Ng5 58. Ke3 Ke8 59. Be1 Ke7 60. Ba5 Nh7 61. Kf3 Nf6 62. Kg3 Bc8 63. Kh4 Kf7 64. Bd2 Kg7 65.
g5 hxg5+ 66. Bxg5 Kf7 67. Be3 Ba6 68. Kg3 Ke7 69. Kf3 Kd7 70. Bg5 Ne8 71. Ke3 Kc7 72.
Kd2 Bc8 73. Kc3 Ng7 74. Bd3 Nh5 75. Be2 Ng3 76. Bf3 Bg4 77. Bxg4 Ne4+ 78. Kd3 Nxg5 79. Bf5 Kd8 80. Ke3 Ke7 81. Bc8 Kf6 82. Bd7 Nh7 83. Bc8 Kg5 84. Kf3 Nf6 85. Ke3 Kh4 86. Be6 Kg3 87. Bf5 Ng4+ 88. Ke4 Nf2+ 89. Ke3 Nd1+ 90. Kd2 Nb2 91. Kc3 Na4+ 92. Kb3 Kf4 93. Bd7 Nb6 94. Be8 Ke3 95. Kc3 Nc8 96. Bg6 Ne7 97.
Bh5 Ng8 98. Bf7 Nf6 99. Be6 Ne4+ 100. Kb3 Kd4 101. Ka4 Kxc4 102. Bf5 Nc3+ 103. Ka5 Kxd5 0-1

[Event "*** SCC Grand Prix: Titled Tuesday Blitz"]
[Site "Chess.com"]
[Date "2020.07.21"]
[Round "9"]
[White "BlackBoarder"]
[Black "Chessdemon2019"]
[Result "1/2-1/2"]
[WhiteElo "2566"]
[BlackElo "2377"]
[TimeControl "180+1"]
[EndTime "11:51:56 PDT"]
[Termination "Game drawn by 50-move rule"]

1. e4 c5 2. Nf3 d6 3. c3 Nf6 4. h3 g6 5. Bd3 Bg7 6. O-O O-O 7. Bc2 a6 8. d4 b5 9. Re1 Bb7 10. Bg5 Nbd7 11. Nbd2 cxd4 12. cxd4 Qc7 13. Rc1 Rac8 14. Qe2 Qb6 15. Nf1 h6 16. Bf4 e5 17. Be3 Qa5 18.
d5 Qxa2 19. Bd3 Qb3 20. Ra1 Nc5 21. Ra3 Qb4 22. Bxc5 Qxc5 23. Ne3 Nh5 24. g3 Qb4 25. Rb1 Qc5 26. Nd2 Qb6 27. Nb3 Rc7 28. Na5 Rfc8 29. Bc2 Nxg3 30. Qf3 Nh5 31. Bb3 Nf4 32. Nc6 Bxc6 33.
dxc6 Rxc6 34. Nd5 Rc1+ 35. Rxc1 Rxc1+ 36. Kh2 Nxd5 37. Bxd5 Rc7 38. Ra1 a5 39. Rg1 Kf8 40. Rxg6 Qa7 41. Rxd6 Rd7 42. Rc6 Rc7 43. Rd6 Rd7 44. Rc6 Rc7 45. Rxc7 Qxc7 46. Qa3+ Kg8 47. Qf3 Qa7 48. Qf5 Qc7 49. Qf3 b4 50. Qb3 Qb6 51. Kg2 Qa7 52. Qc4 Bf8 53. Qc8 Kg7 54. Qg4+ Kf6 55.
Qf5+ Ke7 56. Qxe5+ Kd8 57. Qf6+ Qe7 58. Qf5 Qd7 59.
Qxd7+ Kxd7 60. Bxf7 Kd6 61. b3 Ke5 62. Kf3 Bd6 63. Be8 Bc5 64. Bc6 Bd4 65. Ke2 Kf4 66.
f3 Bc3 67. Bd7 Bd4 68. Bg4 Bc3 69. Kd3 Ke5 70. Ke3 Bd4+ 71. Kd3 Bc3 72. h4 Kf4 73. h5 Ke5 74. Kc4 Kf4 75. Kb5 Ke5 76. Kxa5 Kf4 77. Kb5 Ke5 78. Kc5 Bd2 79. Kc6 Bc3 80. Kd7 Bd2 81.
Ke7 Bc3 82. Kf7 Bd2 83. Kg6 Be3 84. Bd7 Bd2 85. Bb5 Be3 86. Bc4 Bd2 87. Be2 Be3 88. Kf7 Bd2 89. Ke7 Be3 90. Kd7 Bd2 91. Kc6 Be3 92.
Kb5 Bd2 93. Kc4 Be1 94. Kd3 Bc3 95. Bf1 Kf4 96. Bg2 Ke5 97. Ke3 Bd4+ 98. Ke2 Bc3 99. Bh3 Kf4 100. Bg4 Ke5 101. Ke3 Bd4+ 102. Kd3 Bc3 103. Kc4 Kf4 104. Kd5 Bb2 105. Kc6 Ke5 106. Kd7 Bc3 107. Ke7 Bd2 108. Kd7 Be3 109. Bf5 Bd2 110. Kc6 Bc3 111. Kc5 Bd2 112. Kc4 Bc3 113. Bg4 Bd2 114. Kd3 Bc3 115. Bc8 Be1 116. Ke2 Bc3 117. Kf2 Bd4+ 118. Kg3 Bc3 119. Kg4 Bd2 120. Bb7 Be3 121. Bd5 Bd2 122. Kh3 Be3 123. Kg2 Bd2 124. Kf2 Bc3 125. Ke2 Bd4 126. Kd3 1/2-1/2

[Event "*** SCC Grand Prix: Titled Tuesday Blitz"]
[Site "Chess.com"]
[Date "2020.07.21"]
[Round "9"]
[White "Matveev_Vladimir"]
[Black "Paul66666"]
[Result "1-0"]
[WhiteElo "2679"]
[BlackElo "2516"]
[TimeControl "180+1"]
[EndTime "11:52:02 PDT"]
[Termination "Matveev_Vladimir won on time"]

1. d4 d5 2. c4 c6 3. Nf3 Nf6 4. Qc2 dxc4 5. e4 b5 6. b3 cxb3 7. axb3 e6 8. Bd2 Bb7 9. Ba5 Qc8 10. Bd3 Nbd7 11. b4 Be7 12. O-O h6 13. Nbd2 O-O 14.
Rfb1 Nb6 15. Nb3 Na4 16. Nc5 Nxc5 17. bxc5 Bd8 18. Qe2 Bxa5 19. Rxa5 Rd8 20. Rba1 a6 21. e5 Nd7 22. Rb1 Qc7 23. Rba1 Nf8 24. Qe3 Rd7 25. h4 Rad8 26. h5 Bc8 27. Bc2 Rd5 28. Be4 R5d7 29. g4 Kh8 30. Kg2 Nh7 31. Bxh7 Kxh7 32. Qe4+ Kh8 33. R5a2 Rd5 34. g5 Qe7 35. gxh6 gxh6 36. Qe3 Rg8+ 37. Kf1 Qf8 38. Ke2 f5 39. exf6 Qxf6 40.
Ne5 Rg5 41. f4 Rxh5 42. Kd3 Qf5+ 43. Kc3 Rh3 44. Nf3 Qg4 45. Rf2 e5 46. dxe5 Bf5 47. Raf1 Rd3+ 48. Qxd3 Bxd3 49. Kxd3 Qf5+ 50. Ke3 Rg3 51. Rd1 Rg8 52. Rd6 Kh7 53. Nd4 Qh3+ 54. Rf3 Qh1 55. Ke4 Qb1+ 56. Ke3 Rg7 57. f5 Qc1+ 58.
Ke4 Qxc5 59. f6 Rg4+ 60. Rf4 Rxf4+ 61. Kxf4 Kg6 62. Ke4 Qc1 63. Rxc6 Qe1+ 64. Kd5 b4 65. Rc7 Qh1+ 66. Kd6 b3 67. Rg7+ Kh5 68. Nf5 Qd1+ 69.
Ke6 b2 70. Ng3+ Kh4 71. Nf5+ Kh3 72. Rg3+ Kh2 73. Ne3 Kxg3 74. Nxd1 b1=Q 75. Ne3 Qb3+ 76. Ke7 Qxe3 77. f7 Qf3 78. e6 Qf4 79. f8=Q h5 80. Qg7+ Kf3 81. Qc3+ Kg2 82. Kd7 h4 83. e7 h3 84. e8=Q Qg4+ 85. Kd8 Qg5+ 86. Kc8 Qg4+ 87. Kb7 Qf3+ 88. Qxf3+ Kxf3 89. Qc6+ Kg3 90. Qh1 a5 91. Qg1+ Kf3 92. Qh1+ Kg3 93. Qg1+ Kf3 94. Qg5 a4 95. Qh4 Kg2 96. Qg4+ Kh2 97. Qxa4 Kg1 98. Qd1+ Kg2 99. Qd2+ Kg1 100. Qg5+ Kh2 101. Qg4 1-0

[Event "*** SCC Grand Prix: Titled Tuesday Blitz"]
[Site "Chess.com"]
[Date "2020.07.21"]
[Round "9"]
[White "Fh2411"]
[Black "KobyKalavannan"]
[Result "0-1"]
[WhiteElo "2577"]
[BlackElo "2714"]
[TimeControl "180+1"]
[EndTime "11:52:16 PDT"]
[Termination "KobyKalavannan won on time"]

1. d4 Nf6 2. Nf3 g6 3. g3 Bg7 4.
Bg2 O-O 5. O-O d5 6. c3 b6 7. Nbd2 Bb7 8. Ne5 Nbd7 9. Ndf3 c5 10. Bf4 Rc8 11. Re1 Nh5 12. Qd2 Nxf4 13. gxf4 Nf6 14. Ng5 h6 15. Ngf3 Ne4 16. Qd1 e6 17. e3 Qe8 18.
Nd2 f6 19. Nxe4 dxe4 20. Nc4 Rd8 21. Nd2 e5 22. fxe5 fxe5 23. dxc5 Qf7 24. Re2 Ba6 25. c6 Bxe2 26. Qxe2 Qd5 27. c7 Rd7 28. Nxe4 Qf7 29.
Rd1 Rxd1+ 30. Qxd1 Qxc7 31. h3 Rd8 32. Qb3+ Qf7 33.
Qa4 Qd7 34. Qb3+ Kh7 35. Kh2 Qe7 36. Qc4 Rd7 37. a4 Qf7 38. Qb5 Kh8 39. Qc6 Re7 40.
Qc8+ Qe8 41. Qg4 Kh7 42. Qd1 Rd7 43. Qb3 Qf7 44. Qb5 Qe7 45. Qc6 Rc7 46. Qd5 h5 47. Qb5 Bf6 48. Qd5 Bh4 49. Qa8 Rd7 50. Qc8 Rd8 51.
Qc6 Rf8 52. f3 Bg5 53. Qd5 Bh6 54. Qd3 Rd8 55. Qe2 Bg7 56. Kg3 h4+ 57. Kh2 Qd7 58.
Qe1 Qe7 59. Qe2 Bh6 60. Qe1 Rf8 61. Qe2 Rf5 62. Qe1 Bg7 63. Qf2 Rh5 64. Qe1 Qd7 65.
Qe2 Qxa4 66. Nd6 Qd7 67. Ne4 Qe7 68. Qc4 Rf5 69. Qe2 Rf8 70. Bf1 Rd8 71. Qg2 Bh6 72.
Qf2 Rd7 73. Bc4 Rc7 74. Bd5 a5 75. c4 b5 76. b3 bxc4 77. bxc4 a4 78. Nc3 a3 79. Qa2 Qb4 80. Nb5 Qb2+ 81. Qxb2 axb2 82. Nc3 Ra7 83. Nb1 Bxe3 84. Be4 Bd4 85. Kg2 Ra4 86. Bd5 Ra5 87. Be4 Kg7 88. Kf1 g5 89. Ke2 Kf6 90. Kd3 Ke7 91. Bd5 Kd6 92. Be4 Kc5 93. Bd5 Ra1 94. Kc2 Ra4 95. Kb3 Rb4+ 96. Kc2 Rb6 97. Kd3 Ra6 98. Kc2 Kb4 99. Kd3 Ra5 100. Kc2 Rc5 101. Kd3 Kb3 102. Nd2+ Ka2 103. Kc2 Rc7 104. Nb1 Ka1 105. Nd2 Rc5 106. Nb3+ Ka2 107. Nd2 Ka3 108. Nb1+ Kb4 109. Kd3 Rc8 110. Nd2 Rd8 111. Nb1 Kc5 112. Ke4 Rb8 113. Kd3 Rb4 114. Kc2 Rxc4+ 115. Bxc4 Kxc4 116. Nd2+ Kd5 117. Ne4 Be3 118. Kxb2 Kd4 119. Kc2 Bf4 0-1

[Event "*** SCC Grand Prix: Titled Tuesday Blitz"]
[Site "Chess.com"]
[Date "2020.07.21"]
[Round "10"]
[White "Undisputed92"]
[Black "sergiochess83"]
[Result "1/2-1/2"]
[WhiteElo "2654"]
[BlackElo "2828"]
[TimeControl "180+1"]
[EndTime "11:53:50 PDT"]
[Termination "Game drawn by repetition"]

1. e4 c6 2. c4 d5 3. exd5 cxd5 4. cxd5 Nf6 5. Nc3 Nxd5 6. Nf3 Nc6 7. Bb5 g6 8. Qa4 Nb6 9. Bxc6+ bxc6 10. Qxc6+ Bd7 11. Qe4 Bg7 12. O-O Bf5 13. Qc6+ Bd7 14. Qe4 Bf5 15. Qc6+ Bd7 16. Qe4 1/2-1/2

[Event "*** SCC Grand Prix: Titled Tuesday Blitz"]
[Site "Chess.com"]
[Date "2020.07.21"]
[Round "10"]
[White "Klaus1995"]
[Black "Azoulas1"]
[Result "0-1"]
[WhiteElo "1887"]
[BlackElo "1990"]
[TimeControl "180+1"]
[EndTime "11:53:55 PDT"]
[Termination "Azoulas1 won by resignation"]

1. e4 c5 2. Nf3 e6 3. d4 cxd4 4. Nxd4 Nf6 5. Nc3 Bb4 6. e5 Nd5 7. Bd2 Nxc3 8. bxc3 Be7 9. Bd3 Nc6 10. Qe2 Qc7 11.
Nb5 Qb8 12. f4 a6 13. Na3 Bxa3 0-1

[Event "*** SCC Grand Prix: Titled Tuesday Blitz"]
[Site "Chess.com"]
[Date "2020.07.21"]
[Round "10"]
[White "FMOlexandrProhorov"]
[Black "pedro_nascimento85"]
[Result "0-1"]
[WhiteElo "2086"]
[BlackElo "1926"]
[TimeControl "180+1"]
[EndTime "11:54:29 PDT"]
[Termination "pedro_nascimento85 won by resignation"]

1. Nf3 d5 2. d4 Nf6 3. c4 e6 4. Nc3 Be7 5. e3 O-O 6. Qc2 b6 7. Bd3 dxc4 8. Bxc4 Ba6 9. Bxa6 Nxa6 10. O-O c5 11.
Rd1 Qc8 12. Ne4 Nb4 13. Qb1 cxd4 14. a3 Nc2 15. Ra2 Nxe4 0-1

[Event "*** SCC Grand Prix: Titled Tuesday Blitz"]
[Site "Chess.com"]
[Date "2020.07.21"]
[Round "10"]
[White "jonychess03"]
[Black "RenarddesSurfaces"]
[Result "0-1"]
[WhiteElo "2308"]
[BlackElo "2418"]
[TimeControl "180+1"]
[EndTime "11:54:43 PDT"]
[Termination "RenarddesSurfaces won by resignation"]

1. c4 e5 2. Nc3 Nf6 3. g3 c6 4. d4 exd4 5. Qxd4 d5 6. cxd5 cxd5 7. Bg2 Nc6 8. Qd1 d4 9. Ne4 Bb4+ 10. Bd2 Bxd2+ 11.
Qxd2 Nxe4 12. Bxe4 O-O 13. a3 Re8 14. Bd3 Qd5 15. Nf3 Qxf3 16. O-O Qf6 17. Rfd1 Bf5 18. Qf4 Bxd3 19. Qxf6 gxf6 20. Rxd3 Rxe2 21. Rb3 0-1

[Event "*** SCC Grand Prix: Titled Tuesday Blitz"]
[Site "Chess.com"]
[Date "2020.07.21"]
[Round "10"]
[White "ShadowJolteon"]
[Black "Zarinur"]
[Result "1-0"]
[WhiteElo "2340"]
[BlackElo "2097"]
[TimeControl "180+1"]
[EndTime "11:54:48 PDT"]
[Termination "ShadowJolteon won by checkmate"]

1. d4 Nf6 2. c4 e6 3. g3 d5 4. Nf3 dxc4 5. Bg2 Bd7 6. O-O Bc6 7. Nc3 Be7 8. Qc2 O-O 9. Rd1 Nbd7 10. e4 b6 11. d5 exd5 12. e5 Ne4 13. Nxd5 Nec5 14. Nxe7+ Qxe7 15. Ng5 Bxg2 16. Qxh7# 1-0

[Event "*** SCC Grand Prix: Titled Tuesday Blitz"]
[Site "Chess.com"]
[Date "2020.07.21"]
[Round "10"]
[White "jb2mix"]
[Black "chigorin28"]
[Result "1-0"]
[WhiteElo "2682"]
[BlackElo "2455"]
[TimeControl "180+1"]
[EndTime "11:54:53 PDT"]
[Termination "jb2mix won by resignation"]

1. e4 c6 2. d4 d5 3. Nc3 dxe4 4.
Nxe4 Bf5 5. Ng3 Bg6 6. N1e2 h6 7. Nf4 Bh7 8. Bc4 e6 9. Qe2 Bd6 10. O-O Nf6 11. Nxe6 fxe6 12. Qxe6+ Qe7 13. Qc8+ Qd8 14. Re1+ Be7 15. Rxe7+ Kxe7 16. Qe6+ 1-0

[Event "*** SCC Grand Prix: Titled Tuesday Blitz"]
[Site "Chess.com"]
[Date "2020.07.21"]
[Round "10"]
[White "eljanov"]
[Black "MergenKakabaev"]
[Result "1-0"]
[WhiteElo "2820"]
[BlackElo "2500"]
[TimeControl "180+1"]
[EndTime "11:54:59 PDT"]
[Termination "eljanov won by resignation"]

1. e4 e5 2. Nf3 Nc6 3. Bb5 a6 4. Ba4 Nf6 5. O-O Be7 6. d3 b5 7. Bb3 d6 8. a3 Bg4 9. Be3 O-O 10.
Nc3 Qd7 11. h3 Bh5 12. Nd5 Nxd5 13. Bxd5 Rae8 14. Nxe5 Nxe5 15. Qxh5 c6 16. Bb3 g6 17. Qd1 Bf6 18. f4 1-0

[Event "*** SCC Grand Prix: Titled Tuesday Blitz"]
[Site "Chess.com"]
[Date "2020.07.21"]
[Round "10"]
[White "Zhani-Z"]
[Black "eightbyeightchess"]
[Result "1-0"]
[WhiteElo "2435"]
[BlackElo "2422"]
[TimeControl "180+1"]
[EndTime "11:55:04 PDT"]
[Termination "Zhani-Z won by resignation"]

1. e4 d5 2. exd5 Nf6 3. Nf3 Bg4 4. d4 Qxd5 5. Be2 Nc6 6. c3 O-O-O 7. Qb3 Qh5 8. Bf4 Nd5 9. Bg3 e6 10. Nbd2 f5 11.
h3 f4 12. Bh4 g5 13. hxg4 Qxg4 14. Nxg5 Qxg2 15. Bf3 1-0

[Event "*** SCC Grand Prix: Titled Tuesday Blitz"]
[Site "Chess.com"]
[Date "2020.07.21"]
[Round "10"]
[White "ENEASZ"]
[Black "MusicCityMaster"]
[Result "1-0"]
[WhiteElo "2601"]
[BlackElo "2453"]
[TimeControl "180+1"]
[EndTime "11:55:07 PDT"]
[Termination "ENEASZ won by resignation"]

1. e4 c5 2. c3 Nf6 3. e5 Nd5 4. d4 cxd4 5. cxd4 e6 6. Nf3 b6 7. Nc3 Nxc3 8. bxc3 Qc7 9. Bd2 Bb7 10. Bd3 d6 11.
O-O Nd7 12. Ng5 dxe5 13. Qh5 Nf6 14. Bb5+ Kd8 15. Qxf7 Qxf7 16. Nxf7+ Ke7 17. Nxh8 exd4 18. cxd4 g6 19. Bb4+ Kd8 20. Nf7+ Kc8 21. Rac1+ Kb8 22.
Bxf8 1-0

[Event "*** SCC Grand Prix: Titled Tuesday Blitz"]
[Site "Chess.com"]
[Date "2020.07.21"]
[Round "10"]
[White "Ermito2020"]
[Black "vanea_03"]
[Result "1-0"]
[WhiteElo "2617"]
[BlackElo "2698"]
[TimeControl "180+1"]
[EndTime "11:55:25 PDT"]
[Termination "Ermito2020 won by resignation"]

1. e4 e5 2. Nf3 Nc6 3. d4 exd4 4.
Bc4 Nf6 5. O-O Nxe4 6. Re1 d5 7.
Bxd5 Qxd5 8. Nc3 Qd7 9. Rxe4+ Be7 10. Nxd4 Nxd4 11. Rxd4 Qf5 12. Nd5 Bd6 13. Bf4 Bxf4 14.
Rxf4 Qe5 15. Qe1 1-0